 Dungeon Crawl Stone Soup version 0.29-a0-338-g1ff7896281 (webtiles) character file.

Game seed: 18272414949609228470

3052 Glokmah the Spear-Bearer (level 9, -5/72 HPs)
             Began as a Merfolk Abyssal Knight on Apr 18, 2022.
             Was an Elder of Lugonu.
             Killed from afar by a lich (27 damage)
             ... with a bolt of cold
             ... summoned by Lugonu's corruption
             ... on level 7 of the Dungeon.
             The game lasted 00:17:58 (9243 turns).

Glokmah the Spear-Bearer (Merfolk Abyssal Knight)   Turns: 9243, Time: 00:17:58

Health: -5/72      AC: 12    Str: 16    XL:     9   Next: 87%
Magic:  7/15       EV: 11    Int: 16    God:    Lugonu [****..]
Gold:   301        SH:  0    Dex: 17    Spells: 10/12 levels left

rFire   . . .      SeeInvis +   a - +0 glaive (spect)
rCold   . . .      Faith    +   (shield currently unavailable)
rNeg    . . .      Spirit   .   k - quicksilver dragon scales
rPois   .          Reflect  .   w - +2 helmet
rElec   .          Harm     .   (no cloak)
rCorr   .          Rampage  .   (no gloves)
Will    +++..                   (no boots)
Stlth   +.........              h - amulet of faith
HPRegen 0.22/turn               B - ring "Suotsymaigh" {Will+ Str-3 Dex+3 Slay+3}
MPRegen 0.14/turn               m - +6 ring of intelligence

@: no status effects
A: (nimble swimmer 2), mertail, see invisible, strong-willed 1, strong 1,
subdued magic 1
a: Renounce Religion, Depart the Abyss, Bend Space, Banish, Corrupt


You were on level 7 of the Dungeon.
You worshipped Lugonu.
Lugonu was greatly pleased with you.
You visited 1 branch of the dungeon, and saw 7 of its levels.
You visited the Abyss 1 time.

You collected 301 gold pieces.

Inventory:

Hand Weapons
 a - a +0 spectral glaive (weapon)
 i - a +0 club
 q - a +0 short sword of electrocution
 u - a +1 spear
Missiles
 f - 245 stones
 g - 19 poisoned darts (quivered)
Armour
 k - quicksilver dragon scales (worn)
 w - a +2 helmet (worn)
Magical Staves
 r - a staff of conjuration
Jewellery
 d - an amulet of reflection
 h - an amulet of faith (around neck)
 m - a +6 ring of intelligence (right hand)
 v - a ring of flight
 B - the ring "Suotsymaigh" (left hand) {Will+ Str-3 Dex+3 Slay+3}
   (You found it on level 7 of the Dungeon)

   [ring of willpower]

   Str:       It affects your strength (-3).
   Dex:       It affects your dexterity (+3).
   Slay:      It affects your accuracy & damage with ranged weapons and melee
   (+3).
   Will:      It increases your willpower.
Wands
 y - a wand of flame (21)
 D - a wand of polymorph (3)
Scrolls
 o - 3 scrolls of noise
 p - 2 scrolls of amnesia
 s - 3 scrolls of identify
Potions
 b - 2 potions of mutation
 e - 3 potions of might
 j - 2 potions of lignification
 l - a potion of attraction
 n - a potion of curing
 t - a potion of berserk rage
 x - a potion of cancellation
 z - a potion of brilliance
 A - 2 potions of haste


   Skills:
 + Level 7.3 Fighting
 * Level 11.5 Polearms
 - Level 0.6 Armour
 - Level 2.6 Dodging
 - Level 2.0 Spellcasting
 - Level 2.0 Summonings
 * Level 8.6 Invocations


You had 10 spell levels left.
You knew the following spells:

 Your Spells              Type           Power      Damage    Failure   Level
a - Summon Small Mammal   Summ           24%        N/A       14%         1
b - Apportation           Tloc           2%         N/A       32%         1

Your spell library contained the following spells:

 Spells                   Type           Power      Damage    Failure   Level
 Animate Skeleton         Necr           2%         N/A       32%         1
 Magic Dart               Conj           4%         1d3       32%         1
 Pain                     Necr           4%         1d4       32%         1
 Shock                    Conj/Air       4%         1d3       32%         1
 Searing Ray              Conj           2%         2d4       47%         2
 Conjure Flame            Conj/Fire      1%         6-21      71%         3
 Ignite Poison            Fire/Tmut/Pois 1%         N/A       71%         3
 Swiftness                Air            1%         N/A       71%         3
 Tukima's Dance           Hex            1%         N/A       71%         3
 Vampiric Draining        Necr           1%         2d6       71%         3
 Airstrike                Air            0%         N/A       98%         4
 Anguish                  Hex/Necr       0%         N/A       98%         4
 Fulminant Prism          Conj/Hex       0%         3d6       98%         4
 Sticky Flame             Conj/Fire      1%         2d3       98%         4
 Freezing Cloud           Conj/Ice/Air   0%         6-21      100%        5
 Simulacrum               Ice/Necr       0%         N/A       100%        6
 Enfeeble                 Hex            0%         N/A       100%        7
 Polar Vortex             Ice            0%         N/A       100%        9


Dungeon Overview and Level Annotations

Branches:
Dungeon (7/15)             Temple (0/1) D:4

Altars:
Elyvilon
Qazlal

Shops:
D:1 *

Annotations:
D:7 corrupted


Innate Abilities, Weirdness & Mutations

((You are very nimble when in or above water. (Stealth+, EV+, Speed+++)))
Your lower body shifts to a powerful aquatic tail in water.
You have supernaturally acute eyesight. (SInv)
You are strong-willed. (Will+)
Your muscles are strong. (Str +2)
Your spells are a little easier to cast, but a little less powerful.


Message History

Press: ? - help, Dir - look around, f - activate Lugonu's Hand of Corruption reaches out!
You can no longer gate yourself to the Abyss.
You feel sick.
The killer bee stings you but does no damage.
The howler monkey hoots and howls with incredible vigour!
Your bullfrog hits the phantom.
The phantom hits the raiju.
The phantom blinks!
The raiju blinks!
The water moccasin closely misses your orc wizard.
The killer bee closely misses you. The howler monkey hits you.
* * * LOW HITPOINT WARNING * * *
Your bullfrog hits the phantom.
Your orc wizard misses the howler monkey.
You hear a shout!
You feel better.
The killer bee stings you but does no damage.
The centaur unwields a +0 shortbow.
The centaur barely misses you. x2
The water moccasin bites your orc wizard!
The howler monkey barely misses you. The killer bee barely misses you.
The ynoxinul gestures.
Your orc wizard barely misses the howler monkey.
The centaur completely misses you.
The centaur kicks you but does no damage.
The tentacled starspawn bites your orc wizard!
Your orc wizard dies!
Your orc wizard's corpse dissolves into shadows!
You slice the centaur!!
You kill the centaur!
Lugonu accepts your kill.
The killer bee stings you but does no damage.
Your bullfrog closely misses the phantom.
The howler monkey hoots and howls with incredible vigour!
The ufetubus closely misses your bullfrog.
The ufetubus barely misses your bullfrog.
The water moccasin bites something.
The killer bee stings you but does no damage.
The lich gestures at the phantom while chanting.
The bolt of cold hits the phantom.
The phantom resists.
The bolt of cold misses the killer bee.
The bolt of cold hits you!!
You die...

...P......###.......
###.._.P..##............
+......P..##.x...#####'#
#...PPPP..##..#..#......
#....#.#..#......#...... .
#...X#D...####...#......
..##...######...####......
..$...x##o#.##............
........#@#...............
....#.XShyX33.............
..4...5.FW#...............
....#.5h#L#...............
.....X5#.h..#.....##......
..##.3...#........#####'##
..#
##.v...#.#########......
..#
#.5...##.#..............
..+
#......#................


You could see a water moccasin, a phantom (ally target), a howler monkey
(catching breath), a killer bee (ally target), a neutral bone dragon (summoned,
wandering), a neutral starcursed mass (summoned, distracted), a neutral
tentacled starspawn (summoned, distracted), a neutral lich (summoned,
distracted), a neutral sun demon (summoned, distracted), a neutral thrashing
horror (summoned), a neutral large abomination (summoned, distracted), a neutral
rust devil (summoned, distracted), a neutral will-o-the-wisp (summoned,
distracted), a neutral smoke demon (summoned, distracted), 2 neutral raiju, a
neutral ynoxinul (summoned, distracted), 2 neutral small abominations, a neutral
quasit (summoned, distracted), 3 neutral ufetubi, a friendly bullfrog (summoned)
and a friendly orc priest (summoned).

Vanquished Creatures
  The ghost of Essalna the Destroyer, a novice GrCj of Hepliaklqana (D:6)
  The ghost of Murumi the Slasher, a novice DgFi (D:4)
  A troll (D:5)
  Grinder (D:2)
  Edmund (D:4)
  A water moccasin (D:7)
  An orc warrior (D:6)
  A sky beast (D:5)
  An ice beast (D:7)
  A centaur (D:7)
  A phantom (D:5)
  3 kobold brigands
  2 bullfrogs
  Blork the orc (D:6)
  4 scorpions
  2 killer bees (D:7)
  4 hounds
  3 jellies
  2 iguanas
  4 orc wizards
  Terence (D:3)
  Robin (D:3)
  4 adders
  3 gnolls (D:4)
  A shadow imp (D:6)
  A white imp (D:6)
  2 worms
  3 dart slugs
  9 orcs
  6 bats
  5 endoplasms
  6 giant cockroaches
  11 goblins
  10 hobgoblins
  10 jackals
  3 quokkas
  7 ball pythons
  6 frilled lizards
  23 kobolds
  7 rats
155 creatures vanquished.

Vanquished Creatures (others)
  9 plants (D:5)
9 creatures vanquished.

Grand Total: 164 creatures vanquished

Notes
Turn   | Place    | Note
-------+----------+-------------------------------------------
     0 | Abyss:1  | Glokmah the Merfolk Abyssal Knight began the quest for the
                  | Orb.
     0 | Abyss:1  | Reached XP level 1. HP: 18/18 MP: 2/2
    24 | Abyss:1  | Noticed a small abomination
    35 | D:1      | Escaped the Abyss
   344 | D:1      | Found Hotauky's Assorted Antiques.
   393 | D:1      | Reached skill level 3 in Polearms
   438 | D:1      | Reached XP level 2. HP: 24/24 MP: 3/3
   808 | D:1      | Reached ** piety under Lugonu
  1133 | D:1      | Reached XP level 3. HP: 29/29 MP: 4/4
  1349 | D:1      | Found a faded altar of an unknown god.
  1726 | D:2      | Reached skill level 4 in Polearms
  2872 | D:2      | Reached XP level 4. HP: 37/37 MP: 6/6
  2977 | D:3      | Noticed Robin
  3034 | D:3      | Noticed Grinder
  3180 | D:3      | Noticed Terence
  3222 | D:2      | Killed Grinder
  3223 | D:2      | Reached skill level 6 in Polearms
  3223 | D:2      | Reached XP level 5. HP: 9/43 MP: 7/7
  3223 | D:2      | Reached XP level 6. HP: 11/49 MP: 8/8
  3510 | D:3      | Reached *** piety under Lugonu
  3582 | D:3      | Killed Terence
  3786 | D:3      | Killed Robin
  4393 | D:3      | Gained mutation: Armour fits poorly on your strangely
                  | shaped body. [potion of mutation]
  4393 | D:3      | Gained mutation: You are resistant to electric shocks.
                  | (rElec) [potion of mutation]
  4395 | D:3      | Reached skill level 5 in Fighting
  4395 | D:3      | Reached skill level 7 in Polearms
  4395 | D:3      | Reached XP level 7. HP: 6/56 MP: 10/10
  4395 | D:3      | Lost mutation: Armour fits poorly on your strangely shaped
                  | body. [potion of mutation]
  4395 | D:3      | Lost mutation: You are resistant to electric shocks.
                  | (rElec) [potion of mutation]
  4395 | D:3      | Gained mutation: You have supernaturally acute eyesight.
                  | (SInv) [potion of mutation]
  4395 | D:3      | Gained mutation: Your muscles are strong. (Str +2) [potion
                  | of mutation]
  4395 | D:3      | Gained mutation: Your spells are a little easier to cast,
                  | but a little less powerful. [potion of mutation]
  4395 | D:3      | Gained mutation: You are strong-willed. (Will+) [potion of
                  | mutation]
  4800 | D:4      | Found a staircase to the Ecumenical Temple.
  5064 | D:4      | Reached **** piety under Lugonu
  5111 | D:4      | Reached skill level 5 in Invocations
  5124 | D:4      | Learned a level 1 spell: Summon Small Mammal
  5264 | D:4      | Noticed Edmund
  5365 | D:4      | Noticed Murumi's ghost (novice DgFi)
  5365 | D:4      | You fall into a shaft and drop 2 floors!
  5477 | D:6      | Identified the +10 whip of the New World {vorpal, rF+}
  5490 | D:6      | Noticed Blork the orc
  5503 | D:6      | Killed Blork the orc
  5697 | D:6      | Reached skill level 8 in Polearms
  5704 | D:6      | Reached skill level 1 in Spellcasting
  5704 | D:6      | Reached skill level 1 in Summonings
  5704 | D:6      | Reached XP level 8. HP: 42/63 MP: 12/12
  5843 | D:6      | Found a runed translucent door.
  5843 | D:6      | Noticed Essalna's ghost (novice GrCj)
  5883 | D:5      | Entered Level 5 of the Dungeon
  6213 | D:4      | Found a runed translucent gate.
  6214 | D:4      | Found a runed translucent gate.
  6214 | D:4      | Found a runed translucent gate.
  6352 | D:4      | Killed Edmund
  6978 | D:4      | Killed Murumi's ghost
  6979 | D:4      | Reached skill level 9 in Polearms
  7492 | D:5      | Found a white marble altar of Elyvilon.
  7537 | D:5      | Reached XP level 9. HP: 69/69 MP: 14/14
  8165 | D:5      | Noticed a troll
  8169 | D:5      | Killed a troll
  8170 | D:5      | Reached skill level 10 in Polearms
  8801 | D:6      | Killed Essalna's ghost
  8993 | D:7      | Reached skill level 11 in Polearms
  8996 | D:7      | Identified the ring "Suotsymaigh" {Will+ Str-3 Dex+3
                  | Slay+3}
  9033 | D:7      | Reached ***** piety under Lugonu
  9155 | D:7      | Learned a level 1 spell: Apportation
  9192 | D:7      | Found a stormy altar of Qazlal.
  9241 | D:7      | Corrupted D:7
  9241 | D:7      | Noticed a will-o-the-wisp
  9241 | D:7      | Noticed a starcursed mass
  9241 | D:7      | Noticed a lich
  9241 | D:7      | Noticed a tentacled starspawn
  9241 | D:7      | Noticed a thrashing horror
  9241 | D:7      | Noticed a tormentor
  9241 | D:7      | Noticed a smoke demon
  9241 | D:7      | Noticed a bone dragon
  9242 | D:7      | Noticed a sun demon
  9242 | D:7      | Noticed a rust devil
  9243 | D:7      | Killed from afar by a lich

Illustrated notes

Levels and vault maps discovered:
D:1:      matt_arrival_refuge, layout_basic, ebering_ecumenical_altar_webs,
          serial_shops, nicolae_shop_competitors_out_of_business
D:2:      layout_loops_ring
D:3:      layout_basic, uniq_robin, uniq_terence, uniq_grinder
D:4:      cheibrodos_thug_alley, layout_basic, minmay_temple_entry_water_ring,
          ebering_ghost_rock_garden, uniq_edmund
D:5:      layout_basic, nicolae_elyvilon_temple_path
D:6:      layout_loops_ring, hellmonk_ghost_happy_afterlife, uniq_blork_the_orc
D:7:      layout_gridville, amcnicky_altar_gilded, mainiacjoe_overflow_chevrons,
          serial_shops, nicolae_shop_competitors_out_of_business,
          minmay_parallelograms, hangedman_decor_points

Skill      XL: |  1  2  3  4  5  6  7  8  9 |
---------------+----------------------------+-----
Polearms       | 3 4 6 7 8 9 11 | 11.5
Fighting       | 4 5 6 7 |  7.3
Invocations    | 3 4 5 6 8 |  8.6
Spellcasting   | 1 2 |  2.0
Summonings     | 1 2 |  2.0
Armour         | |  0.6
Dodging        | |  2.6

Action                   |  1- 3 |  4- 6 |  7- 9 || total
-------------------------+-------+-------+-------++-------
Melee: Spear             |   228 |   231 |   117 ||   576
       Punch             |     2 |     5 |     3 ||    10
       Glaive            |       |       |   149 ||   149
Throw: Dart              |     3 |     8 |       ||    11
       Stone             |       |     2 |       ||     2
Invok: Depart the Abyss  |     1 |       |       ||     1
       Bend Space        |       |       |     1 ||     1
       Corrupt           |       |       |     1 ||     1
  Use: Potion            |       |     1 |     5 ||     6
       Scroll            |       |       |    22 ||    22
 Stab: Sleeping          |     2 |       |       ||     2
       Distracted        |       |       |     2 ||     2
Armor: Leather armour    |    36 |       |       ||    36
       Quicksilver drago |     9 |    95 |   118 ||   222
Dodge: Dodged            |   132 |    89 |   158 ||   379

Table legend: (Time is in decaauts)
 A = Elapsed time spent in this place.
 B = Non-inter-level travel time spent in this place.
 C = Inter-level travel time spent in this place.
 D = Time resting spent in this place.
 E = Time spent auto-exploring this place.
 F = Levels seen in this place.
 G = Mean time per level.
                   A        B        C        D        E       F      G
               +--------+--------+--------+--------+--------+-----+--------+
         Total |   9178 |   8435 |    743 |   1985 |   4729 |   8 | 1147.2 |
       Dungeon |   9148 |   8405 |    743 |   1985 |   4729 |   7 | 1306.9 |
         Abyss |     30 |     30 |      0 |      0 |      0 |   1 |   30.0 |
               +--------+--------+--------+--------+--------+-----+--------+

Top non-repeatable levels by time:
     D:1: 1819 daAuts
     D:3: 1538 daAuts
     D:2: 1503 daAuts
     D:4: 1461 daAuts
     D:6: 1291 daAuts
     D:5: 1262 daAuts
     D:7: 271 daAuts
 Abyss:1: 30 daAuts
